 Dungeon Crawl Stone Soup version 0.30-b1-2-g02819fbbbe (webtiles) character file.

Game seed: 2346634114391756203

56 Dirian the Slasher (level 3, -1/34 HPs)
             Began as a Minotaur Monk on May 11, 2023.
             Slain by Sigmund
             ... wielding a +0 scythe
              (7 damage)
             ... on level 2 of the Dungeon.
             The game lasted 00:01:22 (1395 turns).

Dirian the Slasher (Minotaur Monk)                  Turns: 1395, Time: 00:01:23

Health: -1/34      AC:  6    Str: 17    XL:     3   Next: 69%
Magic:  2/2        EV: 10    Int:  7    God:
Gold:   19         SH:  0    Dex: 12    Spells: 2/2 levels left

rFire   . . .        a - +0 falchion
rCold   . . .        d - orb {light}
rNeg    . . .        i - +0 scale mail
rPois   .            (helmet restricted)
rElec   .            (no cloak)
rCorr   .            (no gloves)
SInv    .            (no boots)
Will    .....        (no amulet) Stlth
                     (no ring)
HPRegen 0.25/turn    (no ring)
MPRegen 0.08/turn

%: no passive effects
@: glowing
A: horns 2, retaliatory headbutt
a: no special abilities


You were on level 2 of the Dungeon.
You visited 1 branch of the dungeon, and saw 2 of its levels.

You collected 19 gold pieces.

Inventory:

Hand Weapons
 a - a +0 falchion (weapon)
Armour
 d - an orb of light (worn)
 i - a +0 scale mail (worn)
Scrolls
 f - 2 scrolls of identify {unknown}
 j - a scroll of blinking {unknown}
 l - a scroll of teleportation {unknown}
Potions
 b - a potion of magic {unknown}
 c - a potion of ambrosia
 e - 2 potions of curing {unknown}
 g - a potion of brilliance {unknown}
 h - a potion of flight {unknown}
 k - a potion of berserk rage {unknown}
 m - 2 potions of degeneration {unknown}


   Skills:
 + Level 4.4 Fighting
 + Level 4.6 Long Blades
 * Level 1.8 Armour
 - Level 3.2 Dodging


You had 2 spell levels left.
You didn't know any spells.
Your spell library was empty.

Dungeon Overview and Level Annotations

Branches:
Dungeon (2/15) Zot: 10598

Altars:

Annotations:
D:2 Sigmund


Innate Abilities, Weirdness & Mutations

You have a pair of horns on your head.
You reflexively headbutt those who attack you in melee.


Message History

Sigmund the Dreaded comes into view.
He is wielding a +0 scythe and wearing a +2 robe of cold resistance.
Sigmund shouts!
Sigmund laughs darkly.
Sigmund is nearby!
Sigmund is nearby!
Okay, then.
Okay, then.
Sigmund hits you with a +0 scythe.
You hit Sigmund but do no damage. You hit Sigmund.
Sigmund is lightly wounded.
Sigmund hits you with a +0 scythe.
You hit Sigmund but do no damage.
Sigmund is lightly wounded.
Sigmund says, "Your kind have come here before.
I understand now why.
You desire death..."
Sigmund hits you with a +0 scythe.
You hit Sigmund.
Sigmund is lightly wounded.
Sigmund misses you. You furiously retaliate!
You headbutt Sigmund. You hit Sigmund.
Sigmund is moderately wounded.
You hit Sigmund. You headbutt Sigmund, but do no damage.
Sigmund is heavily wounded.
Sigmund hits you with a +0 scythe!
You hit Sigmund.
Sigmund is heavily wounded.
Sigmund barely misses you.
You barely miss Sigmund. Your headbutt misses Sigmund.
Sigmund is heavily wounded.
Sigmund hits you with a +0 scythe.
You completely miss Sigmund. You headbutt Sigmund, but do no damage.
Sigmund is heavily wounded.
You hit Sigmund.
Sigmund is severely wounded.
Sigmund hits you with a +0 scythe!
* * * LOW HITPOINT WARNING * * *
You hit Sigmund.
Sigmund is severely wounded.
Sigmund hits you with a +0 scythe!
You die...

#.# #.# #.#######
#.......# ####.#####.##
.#####...........#
........#.#####..####...
.#####....#......@......
#..#.#.###.@####..
#......# #..# #...[..#
#..# #.#.##.###...
#.#.#...###.## #.#...#..
... #.#.#........
#.............
##.............


You could see Sigmund.

Vanquished Creatures
  Jessica (D:2)
  An adder (D:2)
  A worm (D:2)
  2 endoplasms
  A giant cockroach (D:1)
  4 hobgoblins (D:1)
  A quokka (D:1)
  2 goblins (D:1)
  3 kobolds
  2 rats (D:2)
18 creatures vanquished.

Notes
Turn   | Place    | Note
-------+----------+-------------------------------------------
     0 | D:1      | Dirian the Minotaur Monk began the quest for the Orb.
     0 | D:1      | Reached XP level 1. HP: 19/19 MP: 0/0
   390 | D:1      | Reached XP level 2. HP: 23/27 MP: 1/1
   436 | D:1      | Reached skill level 1 in Armour
   930 | D:2      | Noticed Jessica
   934 | D:2      | Killed Jessica
   935 | D:2      | Reached XP level 3. HP: 22/33 MP: 2/2
  1086 | D:2      | Identified the +1 scale mail of Fedhas's Castigation {rF+
                  | rN+}
  1378 | D:2      | Noticed Sigmund
  1395 | D:2      | Slain by Sigmund

Illustrated notes

Levels and vault maps discovered:
D:1:      scummos_arrival_star, layout_loops_ring
D:2:      minmay_diamond_boxcup, layout_loops_ring, nicolae_elevator_lobby_plus,
          uniq_jessica, uniq_sigmund, uniq_terence

Skill      XL: |  1  2 |
---------------+-------+-----
Long Blades    | 4 |  4.6
Armour         | 1 |  1.8
Fighting       | 4 |  4.4
Dodging        | |  3.2

Action                     || total
---------------------------++-------
  Melee: Falchion          ||    58
         Headbutt          ||    10
   Stab: Sleeping          ||     1
 Armour: Robe              ||     4
         Scale mail        ||     7
  Dodge: Dodged            ||    27
